 Dungeon Sprint DCSS version 0.22.1-1-ga44c0e56f4 (webtiles) character file.

128 MuseOD the Covert (level 4, 0/33 HPs)
             Began as a Spriggan Enchanter on Sept 22, 2018.
             Killed from afar by a white imp (7 damage)
             ... with a puff of frost
             ... summoned by a neqoxec
             ... in the Dungeon (Sprint II: "The Violet Keep of Menkaure").
             The game lasted 00:00:16 (28 turns).

MuseOD the Covert (Spriggan Enchanter)                Turns: 28, Time: 00:00:17

Health: 0/33       AC:  2    Str:  9    XL:     4   Next: 86%
Magic:  9/9        EV: 18    Int: 17    God:
Gold:   0          SH:  0    Dex: 16    Spells: 7/8 levels left

rFire    . . .     SeeInvis +   a - +1 dagger
rCold    . . .     Gourm    .   (shield restricted)
rNeg     . . .     Faith    .   b - +0 robe
rPois    .         Spirit   .   (helmet restricted)
rElec    .         Reflect  .   (no cloak)
rCorr    .         Harm     .   (gloves unavailable)
MR       .....     NoTele   +   (boots unavailable)
Stlth    ..........             (no amulet)
HPRegen  0.11/turn              (no ring)
MPRegen  0.11/turn              (no ring)

@: berserking (expiring), very quick
A: very small, unfitting armour, see invisible, herbivore, speed 3, frail 1,
slow metabolism 2
a: no special abilities


You were in the Dungeon.
You were not hungry.

You visited 1 branch

Inventory:

Hand Weapons
 a - a +1 dagger (weapon)
Armour
 b - a +0 robe (worn)
Scrolls
 j - a scroll of blinking
Potions
 e - a potion of curing
 f - a potion of heal wounds
 g - a potion of haste
 h - 2 potions of magic
Comestibles
 d - a ration


   Skills:
 + Level 3.8 Fighting
 * Level 7.5 Short Blades
 - Level 3.0 Dodging
 + Level 8.8 Stealth
 - Level 2.6 Spellcasting
 - Level 3.6 Hexes


You had 7 spell levels left.
You knew the following spells:

 Your Spells              Type           Power        Failure   Level  Hunger
a - Corona                Hex            ##.....      4%          1    #......

Your spell library contained the following spells:

 Spells                   Type           Power        Failure   Level  Hunger
 Confuse                  Hex            ##......     12%         3    ###....
 Tukima's Dance           Hex            ##......     12%         3    ###....
 Ensorcelled Hibernation  Hex/Ice        #.....       13%         2    ##.....
 Dazzling Spray           Conj/Hex       #.....       26%         3    ###....


Dungeon Overview and Level Annotations

Branches:
Dungeon (1/1)

Altars:


Innate Abilities, Weirdness & Mutations

You are very small and have problems with some larger weapons.
You are too small for most types of armour.
You have supernaturally acute eyesight. (SInv)
You are a herbivore.
You cover ground extremely quickly.
You need to consume almost no food.
You are frail. (-10% HP)


Message History

Increase (S)trength, (I)ntelligence, or (D)exterity?
You feel clever.
You have reached level 4!
The neqoxec gestures at you.
Something tries to feed on your intellect!
You barely miss the neqoxec. You barely miss the neqoxec.
The neqoxec gestures.
You puncture the neqoxec!
The neqoxec is lightly wounded.
You hit the neqoxec.
The neqoxec is moderately wounded.
You puncture the neqoxec!
The neqoxec is heavily wounded.
The shadow imp puffs mist at you. The shadow imp hits you.
* * * LOW HITPOINT WARNING * * *
The white imp gestures at you. The puff of frost hits you!
You die...

## ## .# #H #
H#$ # ##. #+#
.##
#.w$##.##...#
#+55.+.#
#.w.##@##.m.#
##. #3# .## #
##3 # #5 ##


You could see 2 neqoxecs, a quasit, a white imp and a shadow imp.

Vanquished Creatures
  A neqoxec (D)
1 creature vanquished.

Notes
Turn   | Place    | Note
-------+----------+-------------------------------------------
     0 | D        | MuseOD the Spriggan Enchanter began the quest for the Orb.
     0 | D        | Reached XP level 1. HP: 9/9 MP: 5/5
     1 | D        | Noticed a merfolk siren
     5 | D        | Noticed a tyrant leech
     5 | D        | Noticed a tyrant leech
     8 | D        | Noticed a hippogriff
     8 | D        | Noticed a hippogriff
    12 | D        | Noticed a neqoxec
    13 | D        | Noticed a neqoxec
    16 | D        | Noticed a neqoxec
    19 | D        | Gained mutation: You are frail. (-10% HP) [a neqoxec]
    23 | D        | Killed a neqoxec
    23 | D        | Reached skill level 8 in Stealth
    23 | D        | Reached XP level 2. HP: 6/15 MP: 6/6
    23 | D        | Reached XP level 3. HP: 8/18 MP: 8/8
    23 | D        | Reached XP level 4. HP: 9/22 MP: 9/9
    28 | D        | Killed from afar by a white imp

Skill      XL: |  1 |
---------------+----+-----
Fighting       | 3 |  3.8
Short Blades   | 7 |  7.5
Stealth        | 8 |  8.8
Dodging        | |  3.0
Spellcasting   | |  2.6
Hexes          | |  3.6

Action                   |  1- 3 |  4- 6 || total
-------------------------+-------+-------++-------
Melee: Dagger            |    10 |     5 ||    15
  Use: Potion            |     1 |       ||     1
Dodge: Dodged            |     2 |       ||     2
